 Dungeon Crawl Stone Soup version 0.20.0-10-g0535bb4 (console) character file.

9622 jeanjacques the Thaumaturge (level 11, -5/72 HPs)
             Began as an Octopode Air Elementalist on June 5, 2017.
             Was an Initiate of Gozag.
             Killed from afar by Harold (34 damage)
             ... with a bolt of fire
             ... on level 11 of the Dungeon.
             The game lasted 00:47:33 (9291 turns).

jeanjacques the Thaumaturge (OpAE)                  Turns: 9291, Time: 00:47:40

Health: -5/72      AC:  2    Str: 11    XL:     11   Next: 49%
Magic:  34/34      EV: 10    Int: 17    God:    Gozag
Gold:   1138       SH:  0    Dex: 18    Spells: 21/30 levels left

rFire    . . .     SeeInvis .   a - +2 dire flail (protect)
rCold    . . .     Gourm    .   (shield currently unavailable)
rNeg     . . .     Faith    .   (helmet restricted)
rPois    .         Spirit   .   (no amulet)
rElec    .         Reflect  .   m - +1 ring of protection
rCorr    .         Harm     .   A - ring of magical power
MR       +....                  H - ring of protection from magic
Stlth    ++++......             (no ring)
Regen    0.3/turn               (no ring)
MPRegen  0.3/turn               (no ring)
                                (no ring)
                                (no ring)

@: agile, lethally poisoned (-5 -> -5), gold aura, held, hasted, drained, very
quick
A: almost no armour, stealthy swim, amphibious, 8 rings, constrict 8, camouflage
1, gelatinous body 1
a: Potion Petition, Call Merchant, Bribe Branch, Renounce Religion


You were on level 11 of the Dungeon.
You worshipped Gozag.
Gozag was most pleased with you.
You were hungry.

You visited 1 branch of the dungeon, and saw 11 of its levels.
You also visited: Sewer.

You collected 2329 gold pieces.
You spent 275 gold pieces at shops.
You paid 916 gold pieces to Gozag.

Inventory:

Hand Weapons
 a - a +2 dire flail of protection (weapon)
 b - a +0 blowgun
 B - a +2 dagger of chaos
 K - a +0 scimitar of flaming
Missiles
 c - a throwing net
 k - 122 poisoned needles
 l - 12 tomahawks (quivered)
Armour
 C - a +0 shield
Magical Staves
 e - an uncursed staff of power
Jewellery
 m - a +1 ring of protection (left tentacle)
 A - a ring of magical power (right tentacle)
 H - a ring of protection from magic (on tentacle)
 O - an uncursed amulet of harm
Wands
 i - a wand of flame (33/48)
 L - a wand of acid (8/15)
Scrolls
 d - 6 scrolls of remove curse
 g - 2 scrolls of magic mapping
 o - 3 scrolls of teleportation
 w - a scroll of enchant armour {unknown}
 x - a scroll of fog
 y - 3 scrolls of enchant weapon
 D - a scroll of blinking
 G - a scroll of noise {unknown}
 I - a scroll of amnesia
 M - a scroll of fear
 Q - a scroll of summoning {unknown}
Potions
 p - a potion of heal wounds
 q - a potion of invisibility
 r - 5 potions of might
 s - 2 potions of curing
 t - 2 potions of brilliance
 u - a potion of magic {unknown}
 v - 2 potions of haste
 E - 3 potions of mutation {!q}
 F - a potion of lignification {unknown}
 R - a potion of flight
Books
 h - a book of Air

   Spells                             Type                      Level
   a - Shock                          Conjuration/Air              1
   b - Swiftness                      Charms/Air                   2
   c - Static Discharge               Conjuration/Air              3
   d - Airstrike                      Air                          4
   e - Lightning Bolt                 Conjuration/Air              5
 n - a book of Geomancy

   Spells                             Type                      Level
   a - Sandblast                      Earth                        1
   b - Passwall                       Transmutation/Earth          2
   c - Stone Arrow                    Conjuration/Earth            3
   d - Petrify                        Transmutation/Earth          4
   e - Lee's Rapid Deconstruction     Earth                        5
 z - a book of Minor Magic

   Spells                             Type                      Level
   a - Magic Dart                     Conjuration                  1
   b - Blink                          Translocation                2
   c - Call Imp                       Summoning                    2
   d - Slow                           Hexes                        2
   e - Conjure Flame                  Conjuration/Fire             3
   f - Mephitic Cloud                 Conjuration/Poison/Air       3
 J - a book of Conjurations

   Spells                             Type                      Level
   a - Magic Dart                     Conjuration                  1
   b - Searing Ray                    Conjuration                  2
   c - Dazzling Spray                 Conjuration/Hexes            3
   d - Fulminant Prism                Conjuration/Hexes            4
   e - Force Lance                    Conjuration/Translocation    4
   f - Iskenderun's Mystic Blast      Conjuration                  4
Comestibles
 f - 7 bread rations
 j - 7 meat rations
 N - 2 fruits
 P - a royal jelly


   Skills:
 + Level 6.1(5.3) Fighting
 - Level 1.6(0.9) Short Blades
 + Level 7.6(6.8) Maces & Flails
 - Level 3.5(2.8) Dodging
 - Level 2.6(1.9) Stealth
 * Level 10.1(9.2) Spellcasting
 - Level 1.0(0.3) Conjurations
 + Level 9.9(9.0) Air Magic


You had 21 spell levels left.
You knew the following spells:

 Your Spells              Type           Power        Failure   Level  Hunger
a - Shock                 Conj/Air       ###.         1%          1    None
b - Airstrike             Air            #####.....   2%          4    ###....
c - Blink                 Tloc           N/A          14%         2    None
s - Swiftness             Chrm/Air       ###.....     2%          2    None


Dungeon Overview and Level Annotations

Branches:
Dungeon (11/15)            Temple (0/1) D:7            Lair (0/6) D:10
    Orc (0/2) D:9

Altars:
Elyvilon
Fedhas
Gozag
Sif Muna

Shops:
D:10 !

Annotations:
D:4 vatarom's ghost, amateur DESu
D:6 exclusion: downstairs
D:7 Aalglatt's ghost, amateur GrGl
D:8 Flooderbenga's ghost, novice DECj
D:9 exclusion: obsidian statue, ThereIsNoGod's ghost, novice TrFi
D:11 Harold


Innate Abilities, Weirdness & Mutations

You cannot wear most types of armour.
You are very stealthy in the water. (Stealth+)
You are amphibious.
You can wear up to eight rings at the same time.
You can use your tentacles to constrict eight enemies at once.
Your skin changes colour to match your surroundings (Stealth+).
Your rubbery body absorbs attacks. (AC +1, EV +1)


Message History

You hit the centaur.
The centaur is severely wounded.
You feel sick.
The centaur hits you but does no damage.
You hit the centaur. You squeeze the centaur.
The centaur is almost dead.
You feel sick. The centaur completely misses you.
You sock the centaur!
You kill the centaur!
You feel sick.
You now have 1512 gold pieces (gained 14).
Things that are here:
an uncursed shortbow; 12 arrows You now have 1518 gold pieces (gained 6).
You see here an arrow.
You feel sick.
You see here 2 arrows.
You feel sick.
Harold the Weathered comes into view.
He is wielding a mace of protection.
You see here 6 gold pieces.
A hornet comes into view.
You see here a ring mail.
You see here 6 gold pieces.
You feel sick.
Okay, then.
Harold shouts!
Harold throws a throwing net.
The throwing net hits you.
You become entangled in the net!
You see here a throwing net.
Okay, then. [a] - 1000 gold - heal wounds, curing, magic, resistance, might and haste [b] - 224 gold - might and agility [c] - 380 gold - heal wounds, haste and agility Purchase which effect?
You feel much better.
You feel yourself speed up.
You feel agile all of a sudden. Harold casts a spell at you.
The bolt of fire hits you!
You die...
Your body crumbles into a pile of gold.

.?.####
######....##
##.....@....#
............#
#.?......).#
#......[.(.#
#.......$(.####
#.............+
#.....x....####
#..........#
#..........#
#..........#
#..........#
####.#######
#...#
##########
######'#####
#.........
#..........#
#.........


You could see Harold.

Vanquished Creatures
  A two-headed ogre (D:10)
  Erica (D:9)
  Joseph (D:8)
  Psyche (D:10)
  A centaur skeleton (D:11)
  A komodo dragon (D:10)
  A hornet (D:10)
  3 hippogriffs
  A wyvern (D:10)
  A yak (D:7)
  Grum (D:8)
  3 hogs (D:7)
  A human (D:7)
  A hungry ghost (D:9)
  10 orc warriors
  A black bear (D:7)
  A sky beast (D:7)
  A necrophage (D:8)
  An ogre (D:6)
  4 wolves (D:8)
  4 centaurs
  A phantom (D:10)
  A big kobold (D:9)
  6 bullfrogs
  Blork the orc (D:6)
  3 scorpions
  9 killer bees
  6 wights (D:9)
  2 centaur zombies
  7 howler monkeys
  A bullfrog zombie (D:6)
  6 crimson imps
  A quasit (D:7)
  2 hounds
  A bullfrog skeleton (D:10)
  5 orc priests
  11 orc wizards
  3 iguanas
  12 worker ants
  A hound zombie (D:8)
  A hound skeleton (D:4)
  A howler monkey zombie (D:8)
  2 worker ant zombies
  A river rat (D:6)
  25 adders
  4 shadow imps
  3 adder skeletons
  3 worms (D:6)
  A dart slug (D:4)
  A leopard gecko (D:2)
  56 orcs
  6 ball pythons
  6 giant cockroaches
  2 goblins
  4 hobgoblins
  27 jackals
  15 kobolds
  7 quokkas
  3 bats
  7 frilled lizards
  A jackal zombie (D:9)
  A leopard gecko zombie (D:6)
  5 rats
  3 plants
304 creatures vanquished.

Vanquished Creatures (others)
  An orc wizard (D:10)
1 creature vanquished.

Grand Total: 305 creatures vanquished

Notes
Turn   | Place    | Note
-------+----------+-------------------------------------------
     0 | D:1      | jeanjacques the Octopode Air Elementalist began the quest for the Orb.
     0 | D:1      | Reached XP level 1. HP: 11/11 MP: 3/3
   312 | D:4      | Noticed vatarom's ghost (amateur DESu)
   378 | D:4      | Noticed a worker ant
   383 | D:4      | Killed a worker ant
   383 | D:4      | Reached skill level 1 in Fighting
   383 | D:4      | Reached XP level 2. HP: 7/18 MP: 5/5
   383 | D:4      | Reached XP level 3. HP: 9/23 MP: 6/6
   826 | D:2      | Found an opulent altar of Gozag.
  1098 | D:2      | Reached skill level 4 in Air Magic
  1154 | D:3      | Reached skill level 2 in Fighting
  1208 | D:2      | Reached XP level 4. HP: 21/29 MP: 7/7
  1447 | D:2      | Learned a level 4 spell: Airstrike
  1492 | D:4      | Reached XP level 5. HP: 7/35 MP: 1/8
  1978 | D:4      | Reached skill level 5 in Air Magic
  2023 | D:4      | Found a blossoming altar of Fedhas.
  2213 | D:2      | Became a worshipper of Gozag Ym Sagoz the Greedy
  2308 | D:5      | Entered Level 5 of the Dungeon
  2362 | D:5      | Reached XP level 6. HP: 26/41 MP: 10/10
  2382 | D:5      | HP: 3/41 [scorpion (8)]
  2384 | D:5      | Reached skill level 3 in Spellcasting
  2650 | D:5      | Reached skill level 6 in Air Magic
  2778 | D:5      | Reached skill level 1 in Short Blades
  2778 | D:5      | Reached XP level 7. HP: 29/45 MP: 6/12
  3095 | D:6      | Reached skill level 4 in Spellcasting
  3168 | D:6      | Found a glowing drain.
  3175 | Sewer    | Entered a sewer
  3635 | D:6      | Reached skill level 7 in Air Magic
  3798 | D:4      | Reached XP level 8. HP: 15/51 MP: 15/15
  3994 | D:4      | Reached skill level 5 in Spellcasting
  4760 | D:6      | Noticed Blork the orc
  4785 | D:6      | Killed Blork the orc
  4831 | D:6      | Reached skill level 6 in Spellcasting
  4994 | D:7      | Noticed a yak
  5011 | D:7      | Reached skill level 1 in Maces & Flails
  5020 | D:7      | Reached skill level 3 in Fighting
  5020 | D:7      | Reached skill level 2 in Maces & Flails
  5022 | D:7      | Reached XP level 9. HP: 26/57 MP: 17/18
  5098 | D:8      | Noticed Grum
  5099 | D:8      | Noticed Flooderbenga's ghost (novice DECj)
  5151 | D:7      | Reached skill level 3 in Maces & Flails
  5157 | D:7      | Reached skill level 8 in Air Magic
  5175 | D:7      | Noticed Aalglatt's ghost (amateur GrGl)
  5233 | D:7      | Reached skill level 7 in Spellcasting
  5405 | D:7      | Found a staircase to the Ecumenical Temple.
  5579 | D:7      | HP: 4/58 [something (5)]
  5669 | D:7      | Reached skill level 4 in Fighting
  5669 | D:7      | Reached skill level 4 in Maces & Flails
  6066 | D:8      | Noticed Joseph
  6087 | D:8      | Killed Joseph
  6256 | D:8      | Killed Grum
  6256 | D:8      | Reached skill level 3 in Dodging
  6260 | D:8      | Reached skill level 5 in Maces & Flails
  6263 | D:8      | Reached XP level 10. HP: 47/63 MP: 21/21
  6394 | D:8      | Reached skill level 8 in Spellcasting
  6615 | D:9      | Found a white marble altar of Elyvilon.
  6666 | D:9      | Reached skill level 6 in Maces & Flails
  6708 | D:9      | Found a staircase to the Orcish Mines.
  6873 | D:9      | Found a deep blue altar of Sif Muna.
  6952 | D:10     | Entered Level 10 of the Dungeon
  7168 | D:9      | Reached skill level 9 in Air Magic
  7171 | D:9      | HP: 3/65 [centaur (7)]
  7443 | D:10     | Noticed Psyche
  7452 | D:10     | Killed Psyche
  7487 | D:10     | Noticed a two-headed ogre
  7522 | D:9      | Noticed ThereIsNoGod's ghost (novice TrFi)
  7643 | D:9      | Noticed an obsidian statue
  7780 | D:9      | Reached skill level 9 in Spellcasting
  7888 | D:8      | Reached skill level 5 in Fighting
  7907 | D:8      | Learned a level 2 spell: Swiftness
  7910 | D:8      | Learned a level 2 spell: Blink
  7966 | D:9      | Noticed Erica
  7978 | D:9      | Killed Erica
  7978 | D:9      | Reached XP level 11. HP: 62/72 MP: 24/24
  7992 | D:9      | Reached skill level 7 in Maces & Flails
  8391 | D:10     | Paralysed by a hornet for 1 turns
  8618 | D:10     | Killed a two-headed ogre
  8926 | D:10     | Reached skill level 6 in Fighting
  9120 | D:10     | Found a staircase to the Lair.
  9127 | D:10     | Reached skill level 10 in Spellcasting
  9203 | D:10     | Bought a potion of flight for 33 gold pieces
  9203 | D:10     | Bought a potion of haste for 110 gold pieces
  9203 | D:10     | Bought a potion of might for 44 gold pieces
  9203 | D:10     | Bought a potion of mutation for 88 gold pieces
  9287 | D:11     | Noticed Harold
  9291 | D:11     | Killed from afar by Harold

Skill      XL: |  1  2  3  4  5  6  7  8  9 10 11 |
---------------+----------------------------------+-----
Fighting       | 1 2 3 4 5 6 |  6.1
Air Magic      | 4 5 6 7 8 9 |  9.9
Spellcasting   | 3 4 6 7 9 10 | 10.1
Short Blades   | 1 |  1.6
Maces & Flails | 2 5 6 7 |  7.6
Dodging        | 3 |  3.5
Stealth        | |  2.6
Conjurations   | |  1.0

Action                   |  1- 3 |  4- 6 |  7- 9 | 10-12 || total
-------------------------+-------+-------+-------+-------++-------
Melee: Rapier            |    37 |   109 |   139 |       ||   285
       Tentacles         |     9 |    16 |    42 |    51 ||   118
       Constrict         |     9 |    19 |    60 |    57 ||   145
       Unarmed           |     2 |       |       |       ||     2
       Dire flail        |       |       |   100 |   287 ||   387
       Dagger            |       |       |       |     6 ||     6
 Fire: Blowgun           |       |       |    19 |    14 ||    33
Throw: Tomahawk          |     4 |    16 |     3 |       ||    23
 Cast: Shock             |     6 |    32 |   100 |   108 ||   246
       Airstrike         |       |     1 |    20 |    59 ||    80
Invok: Potion Petition   |       |       |     1 |     1 ||     2
       Call Merchant     |       |       |       |     1 ||     1
  Use: Scroll            |     3 |     4 |     3 |     4 ||    14
       Potion            |     1 |     3 |     3 |     1 ||     8
 Stab: Sleeping          |     7 |     6 |    14 |     7 ||    34
       Distracted        |       |       |     1 |     1 ||     2
       Invisible         |       |       |       |     4 ||     4
  Eat: Chunk             |     1 |     5 |       |       ||     6
       Bread ration      |       |       |     2 |     3 ||     5
       Royal jelly       |       |       |     3 |     1 ||     4
       Fruit             |       |       |       |     2 ||     2
Armor: Skin              |     5 |    14 |    34 |    56 ||   109
Dodge: Dodged            |    41 |    97 |   132 |   150 ||   420

Table legend:
 A = Turns spent in this place as a percentage of turns spent in the entire game.
 B = Non-inter-level travel turns spent in this place as a percentage of non-inter-level travel turns spent in the entire game.
 C = Inter-level travel turns spent in this place as a percentage of turns spent in this place.
 D = Turns resting spent in this place as a percentage of non-inter-level travel turns spent in this place.
 E = Turns spent auto-exploring this place as a percentage of non-inter-level travel turns spent in this place.
 F = Non-inter-level travel turns spent in this place divided by the number of levels of this place that you've seen.
                   A       B       C       D       E      F
               +-------+-------+-------+-------+-------+----------------------
         Total | 100.0 | 100.0 |   1.0 |   0.4 |   4.2 | 372.6
       Dungeon |  93.6 |  93.5 |   1.1 |   0.5 |   4.3 | 380.1
         Sewer |   6.4 |   6.5 |   0.0 |   0.0 |   3.1 | 290.0
               +-------+-------+-------+-------+-------+----------------------

Table legend:
 A = Kills in this place as a percentage of kills in entire the game.
 B = Kills by you in this place as a percentage of kills by you in the entire game.
 C = Kills by friends in this place as a percentage of kills by friends in the entire game.
 D = Other kills in this place as a percentage of other kills in the entire game.
 E = Experience gained in this place as a percentage of experience gained in the entire game.
 F = Experience gained in this place divided by the number of levels of this place that you have seen.
                   A       B       C       D       E      F
               +-------+-------+-------+-------+-------+----------------------
         Total | 100.0 | 100.0 |  -nan | 100.0 | 100.0 | 1145.6
       Dungeon |  92.7 |  92.7 |  -nan | 100.0 |  99.4 | 1242.3
         Sewer |   7.3 |   7.3 |  -nan |   0.0 |   0.6 |  82.0
               +-------+-------+-------+-------+-------+----------------------

Vault maps used:
D:1:      minmay_arrival_shattered_statue, minmay_crystal_room
D:2:      grunt_gozag_statues, chequers_ecumenical_altar_grove
D:3:      first_bread
D:4:      fedhas_altar_4
D:5:      minmay_misc_feat_chi
D:6:      lightli_sewer_entry_pipes, uniq_blork_the_orc
D:7:      minmay_temple_entry_statues_fountains, grunt_livestock, minivault_19
D:8:      uniq_grum, uniq_joseph
D:9:      elyvilon_altar_1, hiddenorc2_lemuel, basic_altar,
          minmay_protected_statue, uniq_erica
D:10:     david_lair_shrubbed, columned_hall_lemuel, nrook_mini_vaults,
          uniq_psyche
D:11:     minivault_23, uniq_fannar, uniq_harold
Sewer:    sewer_co_scattered_pipes

Action                   |  1- 3 |  4- 6 |  7- 9 | 10-12 || total
-------------------------+-------+-------+-------+-------++-------
Melee: Rapier            |    37 |   109 |   139 |       ||   285
       Tentacles         |     9 |    16 |    42 |    51 ||   118
       Constrict         |     9 |    19 |    60 |    57 ||   145
       Unarmed           |     2 |       |       |       ||     2
       Dire flail        |       |       |   100 |   287 ||   387
       Dagger            |       |       |       |     6 ||     6
 Fire: Blowgun           |       |       |    19 |    14 ||    33
Throw: Tomahawk          |     4 |    16 |     3 |       ||    23
 Cast: Shock             |     6 |    32 |   100 |   108 ||   246
       Airstrike         |       |     1 |    20 |    59 ||    80
Invok: Potion Petition   |       |       |     1 |     1 ||     2
       Call Merchant     |       |       |       |     1 ||     1
  Use: Scroll            |     3 |     4 |     3 |     4 ||    14
       Potion            |     1 |     3 |     3 |     1 ||     8
 Stab: Sleeping          |     7 |     6 |    14 |     7 ||    34
       Distracted        |       |       |     1 |     1 ||     2
       Invisible         |       |       |       |     4 ||     4
  Eat: Chunk             |     1 |     5 |       |       ||     6
       Bread ration      |       |       |     2 |     3 ||     5
       Royal jelly       |       |       |     3 |     1 ||     4
       Fruit             |       |       |       |     2 ||     2
Armor: Skin              |     5 |    14 |    34 |    56 ||   109
Dodge: Dodged            |    41 |    97 |   132 |   150 ||   420
